 Dungeon Sprint DCSS version 0.32-a0-886-g41c5271027 (webtiles) character file.

Game seed: 6034853062492632116

529 ragingrage the Basher (level 7, -9/75 HPs)
             Began as a Minotaur Gladiator on Apr 3, 2024.
             Was a Follower of Okawaru.
             Mangled by a two-headed ogre
             ... wielding a +0 giant club
              (18 damage)
             ... in the Dungeon (Sprint IX: "|||||||||||||||||||||||||||||").
             The game lasted 00:00:51 (267 turns).

ragingrage the Basher (Minotaur Gladiator)           Turns: 267, Time: 00:00:52

Health: -9/75      AC: 11    Str: 23    XL:     7   Next: 3%
Magic:  6/6        EV:  8    Int:  5    God:    Okawaru [*.....]
Gold:   0          SH:  0    Dex: 15    Spells: 6/6 levels left

rFire   . . .        n - +2 morningstar (heavy)
rCold   . . .        (no shield)
rNeg    . . .        q - +1 chain mail
rPois   .            c - +0 hat
rElec   .            (no cloak)
rCorr   .            p - +0 pair of gloves
SInv    .            o - +0 pair of boots
Will    .....        (no amulet) Stlth
                     r - +3 ring of strength
HPRegen 0.32/turn    s - +3 ring of dexterity
MPRegen 0.10/turn

%: no teleportation
@: invisible
A: horns 2, retaliatory headbutt
a: Renounce Religion, Heroism


You were in the Dungeon.
You worshipped Okawaru.
Okawaru was aware of your devotion.
You visited 1 branch

Inventory:

Hand Weapons
 a - a +0 flail
 n - a +2 heavy morningstar (weapon)
Missiles
 d - 3 throwing nets (quivered)
 e - a javelin
Armour
 b - a +0 leather armour
 c - a +0 hat (worn)
 o - a +0 pair of boots (worn)
 p - a +0 pair of gloves (worn)
 q - a +1 chain mail (worn)
Jewellery
 r - a +3 ring of strength (left hand)
 s - a +3 ring of dexterity (right hand)
Wands
 m - a wand of warping (10)
Scrolls
 k - 2 scrolls of blinking
 l - 2 scrolls of amnesia
Potions
 f - 5 potions of curing
 g - 2 potions of heal wounds
 h - a potion of haste
 i - 4 potions of magic


   Skills:
 + Level 11.9 Fighting
 - Level 14.0 Maces & Flails
 - Level 2.0 Throwing
 - Level 3.2 Dodging


You had 6 spell levels left.
You didn't know any spells.
Your spell library was empty.

Dungeon Overview and Level Annotations

Branches:
Dungeon (1/1)

Altars:
Cheibriados
Dithmenos
Elyvilon
Fedhas
Gozag
Hepliaklqana
Kikubaaqudgha
Makhleb
Nemelex Xobeh
Okawaru
Qazlal
Ru
Sif Muna
Trog
Uskayaw
Vehumet
Wu Jian
Xom
Yredelemnul
Zin
The Shining One
Beogh
Jiyva
Lugonu


Innate Abilities, Weirdness & Mutations

You have a pair of horns on your head.
You reflexively headbutt those who attack you in melee.


Message History

You skewer the killer bee like a kebab!!!
You kill the killer bee!
Okawaru accepts your kill.
You feel sick. Something hits you but does no damage.
Deactivating autopickup; reactivate with Ctrl-A.
Your Maces & Flails skill increases to level 12!
You hit something but do no damage. You headbutt something.
You feel sick. Something hits you.
Something hits you but does no damage. x2
You sock something! Your headbutt misses something.
You feel sick.
Something hits you but does no damage. x2
You hit something.
You feel sick.
You are no longer poisoned.
Something hits you but does no damage. Something hits you!
You miss something. You headbutt something. Something hits you. x2
* * * LOW HITPOINT WARNING * * *
You hit something. Something hits you but does no damage. Something hits you.
* * * LOW HITPOINT WARNING * * *
You miss something.
Something hits you but does no damage. x2
You feel much better. Something hits you.
Unknown command.
You miss something. Your headbutt misses something. Something hits you!
Something hits you but does no damage. x2; Something hits you.
You bludgeon something!! Okawaru is honoured by your kill.
You can now gain great but temporary skills.
Reactivating autopickup.
You feel a bit more experienced.
Training target 14.0 for Maces & Flails reached!
Your Fighting skill gained 3 levels and is now at level 11!
Your Maces & Flails skill gained 2 levels and is now at level 14!
You have reached level 6!
You have reached level 7!
You bludgeon the two-headed ogre!! You headbutt the two-headed ogre!
The two-headed ogre barely misses you.
The two-headed ogre hits you with a +0 giant club!!
* * * LOW HITPOINT WARNING * * *
You catch the helpless two-headed ogre completely off-guard!
You puncture the two-headed ogre! The two-headed ogre closely misses you.
The two-headed ogre hits you with a +0 giant club!!
You die...

▓.▓
▓.▓
▓)▓
▓.▓
▓.▓
▓.▓
▓.▓
▓.▓
▓@▓
▓O▓
▓O▓
▓9▓
▓.▓
▓.▓
▓.▓
▓.▓


You could see 2 two-headed ogres and a gargoyle (unable to see you).

Vanquished Creatures
  An unseen horror (D)
  A black bear (D)
  A scorpion (D)
  A killer bee (D)
  A hound (D)
  An orc wizard (D)
  A ribbon worm (D)
  An orc (D)
  2 bats (D)
  A kobold (D)
  A quokka (D)
  A goblin (D)
13 creatures vanquished.

Notes
Turn   | Place    | Note
-------+----------+-------------------------------------------
     0 | D        | ragingrage the Minotaur Gladiator began the quest for the
                  | Orb.
     0 | D        | Reached XP level 1. HP: 18/18 MP: 0/0
     7 | D        | Reached skill level 4 in Maces & Flails
    17 | D        | Reached skill level 5 in Maces & Flails
    40 | D        | Noticed a black bear
    40 | D        | Noticed a hound
    40 | D        | Noticed a scorpion
    46 | D        | Killed a black bear
    47 | D        | Reached skill level 9 in Maces & Flails
    47 | D        | Reached XP level 2. HP: 13/31 MP: 1/1
    47 | D        | Reached XP level 3. HP: 17/38 MP: 2/2
    47 | D        | Reached XP level 4. HP: 20/45 MP: 3/3
    48 | D        | Reached skill level 10 in Maces & Flails
    49 | D        | Killed a scorpion
    50 | D        | Reached skill level 11 in Maces & Flails
    50 | D        | Reached XP level 5. HP: 24/53 MP: 4/4
   182 | D        | Found a roughly hewn altar of Beogh.
   182 | D        | Found a snail-covered altar of Cheibriados.
   182 | D        | Found a shadowy altar of Dithmenos.
   182 | D        | Found a white marble altar of Elyvilon.
   182 | D        | Found a blossoming altar of Fedhas.
   182 | D        | Found an opulent altar of Gozag.
   183 | D        | Found a hazy altar of Hepliaklqana.
   184 | D        | Found a viscous altar of Jiyva.
   185 | D        | Found an ancient bone altar of Kikubaaqudgha.
   186 | D        | Found a corrupted altar of Lugonu.
   187 | D        | Found a burning altar of Makhleb.
   188 | D        | Found a sparkling altar of Nemelex Xobeh.
   189 | D        | Found an iron altar of Okawaru.
   190 | D        | Found a stormy altar of Qazlal.
   191 | D        | Found a sacrificial altar of Ru.
   192 | D        | Found a shimmering blue altar of Sif Muna.
   193 | D        | Found a bloodstained altar of Trog.
   194 | D        | Found a hide-covered altar of Uskayaw.
   195 | D        | Found a radiant altar of Vehumet.
   196 | D        | Found an ornate altar of the Wu Jian Council.
   197 | D        | Became a worshipper of Warmaster Okawaru
   198 | D        | Found a shimmering altar of Xom.
   199 | D        | Found a basalt altar of Yredelemnul.
   200 | D        | Found a glowing silver altar of Zin.
   201 | D        | Found a glowing golden altar of the Shining One.
   252 | D        | Noticed a two-headed ogre
   252 | D        | Noticed a two-headed ogre
   252 | D        | Noticed a gargoyle
   257 | D        | Reached skill level 12 in Maces & Flails
   265 | D        | Killed an unseen horror
   265 | D        | Reached * piety under Okawaru
   266 | D        | Reached skill level 14 in Maces & Flails
   266 | D        | Reached XP level 6. HP: 31/70 MP: 5/5
   266 | D        | Reached XP level 7. HP: 33/75 MP: 6/6
   267 | D        | Mangled by a two-headed ogre

Illustrated notes

Levels and vault maps discovered:
D:        linesprint [early_d, line_temple, items_1, d_10, items_2, lair_1,
          lair_end, items_3, orc_1, orc_end, items_4, d_15, swamp_1, shoals_1,
          snake_1, spider_1, d_20, vaults_1, items_5, swamp_end, shoals_end,
          snake_end, spider_end, vaults_end, d_27, items_6, zot_1, zot_end,
          crypt_end, forest_end, elf_end, slime_end, tomb_end, abyss_end,
          pan_hell_end]

Skill      XL: |  1  2  3  4  5 |
---------------+----------------+-----
Maces & Flails | 9 11 14 | 14.0
Fighting       | 6 8 11 | 11.9
Throwing       | |  2.0
Dodging        | |  3.2

Action                     |  1- 3 |  4- 6 |  7- 9 || total
---------------------------+-------+-------+-------++-------
  Melee: Flail             |    17 |     6 |       ||    23
         Headbutt          |     3 |     3 |     1 ||     7
         Morningstar       |       |    11 |     2 ||    13
    Use: Potion            |     1 |     2 |       ||     3
   Stab: Invisible         |       |     1 |     1 ||     2
 Armour: Leather armour    |    16 |     2 |       ||    18
         Chain mail        |       |    23 |     2 ||    25
  Dodge: Dodged            |     6 |     7 |     2 ||    15

Table legend: (Time is in decaauts)
 A = Elapsed time spent in this place.
 B = Non-inter-level travel time spent in this place.
 C = Inter-level travel time spent in this place.
 D = Time resting spent in this place.
 E = Time spent auto-exploring this place.
 F = Levels seen in this place.
 G = Mean time per level.
                   A        B        C        D        E       F      G
               +--------+--------+--------+--------+--------+-----+--------+
         Total |    273 |    273 |      0 |    148 |      3 |   1 |  273.0 |
       Dungeon |    273 |    273 |      0 |    148 |      3 |   1 |  273.0 |
               +--------+--------+--------+--------+--------+-----+--------+

Top non-repeatable levels by time:
       D: 273 daAuts
